 Dungeon Crawl Stone Soup version 0.30-a0-1160-g6e42c06551 (webtiles) character file.

Game seed: 8546684254595425906

1852 Alarion the Cleaver (level 8, -2/105 HPs)
             Began as a Minotaur Fighter on Apr 26, 2023.
             Slain by an orc warrior
             ... wielding a +0 halberd of freezing
              (9 damage)
             ... on level 8 of the Dungeon.
             The game lasted 00:35:01 (5808 turns).

Alarion the Cleaver (Minotaur Fighter)              Turns: 5808, Time: 00:35:01

Health: -2/105     AC: 24    Str: 22    XL:     8   Next: 88%
Magic:  7/7        EV:  2    Int:  5    God:
Gold:   201        SH:  5    Dex: 11    Spells: 7/7 levels left

rFire   . . .        a - +2 war axe
rCold   + . .        c - +0 buckler
rNeg    . . .        m - melded +0 storm dragon scales
rPois   +            (helmet currently unavailable)
rElec   .            n - melded +0 cloak
rCorr   .            (gloves currently unavailable)
SInv    .            (boots currently unavailable)
Will    .....        (no amulet)
Stlth   +            b - ring of protection from cold
HPRegen 0.37/turn    (no ring)
MPRegen 0.10/turn

%: no passive effects
@: lethally poisoned (-2 -> -7), tree-form
A: stationary, stasis, torment immunity, boosted hp, (horns 2), (retaliatory
headbutt), (talons 1), (fire resistance 1), (shaggy fur 1)
a: no special abilities


You were on level 8 of the Dungeon.
You were a tree.
You visited 1 branch of the dungeon, and saw 8 of its levels.
You also visited: Sewer.

You collected 291 gold pieces.
You spent 90 gold pieces at shops.

Inventory:

Hand Weapons
 a - a +2 war axe (weapon)
Armour
 c - a +0 buckler (worn)
 m - +0 storm dragon scales (melded)
 n - a +0 cloak (melded)
Jewellery
 b - a ring of protection from cold (left branch)
 h - a +5 ring of evasion
Wands
 j - a wand of polymorph (5)
Scrolls
 e - 4 scrolls of teleportation
 l - a scroll of silence {unknown}
 q - a scroll of enchant armour {unknown}
 r - 3 scrolls of fog
 s - 3 scrolls of identify
 t - a scroll of immolation {unknown}
Potions
 d - 2 potions of might
 f - a potion of attraction {unknown}
 g - a potion of degeneration {unknown}
 k - a potion of invisibility
 o - 5 potions of brilliance
 p - a potion of flight
 u - 2 potions of magic {unknown}
 v - 2 potions of mutation


   Skills:
 + Level 5.8 Fighting
 * Level 10.7 Axes
 + Level 7.1 Armour
 + Level 2.2 Dodging
 + Level 5.2 Shields


You had 7 spell levels left.
You didn't know any spells.
Your spell library contained the following spells:

 Spells                   Type           Power      Damage    Failure   Level
 Apportation              Tloc           0%         N/A       54%         1
 Beastly Appendage        Tmut           0%         N/A       54%         1
 Ensorcelled Hibernation  Hex/Ice        0%         N/A       67%         2
 Wereblood                Tmut           0%         N/A       67%         2
 Dazzling Flash           Conj/Hex       0%         N/A       88%         3
 Gell's Gravitas          Tloc           0%         N/A       88%         3
 Spider Form              Tmut/Pois      0%         N/A       88%         3
 Teleport Other           Tloc           0%         N/A       88%         3
 Anguish                  Hex/Necr       0%         N/A       99%         4
 Fulminant Prism          Conj/Hex       0%         3d5       99%         4
 Alistair's Intoxication  Tmut/Pois      0%         N/A       100%        5
 Blade Hands              Tmut           0%         N/A       100%        5
 Irradiate                Conj/Tmut      0%         3d11      100%        5
 Metabolic Englaciation   Hex/Ice        0%         N/A       100%        5
 Dispersal                Tloc           0%         N/A       100%        6
 Dragon Form              Tmut           0%         N/A       100%        7


Dungeon Overview and Level Annotations

Branches:
Dungeon (8/15)              Sewer (visited)
 Temple: D:4-7         Lair: D:8-11

Altars:
Xom
Zin

Shops:
D:2 (?   D:3 !   D:8 :

Portals:
Bailey: D:8

Annotations:
D:1 1 runed translucent door
D:3 1 runed translucent door, Rye's ghost, amateur HuFi
D:7 Pikel


Innate Abilities, Weirdness & Mutations

You are a tree.
Your roots penetrate the ground, keeping you stationary.
You cannot be teleported.
You are immune to unholy pain and torment.
Your maximum health is greatly increased.
Your equipment is partially melded.
((You have a pair of horns on your head.))
((You reflexively headbutt those who attack you in melee.))
((You have sharp toenails.))
((Your flesh is heat resistant. (rF+)))
((You are covered in fur. (AC +1)))


Message History

You barely miss something. Your kick misses something.
You feel very sick.
The orc warrior hits you but does no damage.
You hear some strange, mumbled words.
A magic dart appears from out of thin air!
The magic dart hits you!
* * * LOW HITPOINT WARNING * * *
Really quaff the potion of lignification?
Uppercase [Y]es or [N]o only, please.
Really quaff the potion of lignification?
You turn into a tree.
Your +0 cloak melds into your body.
Your +0 storm dragon scales melds into your body.
Your roots penetrate the ground.
You feel very sick.
The orc warrior hits you but does no damage.
Something hits you but does no damage.
You cannot move. (Use ctrl+direction or * direction to attack while stationary and confused.)
You cannot move. (Use ctrl+direction or * direction to attack while stationary and confused.)
You cannot move. (Use ctrl+direction or * direction to attack while stationary and confused.) Unknown command.
You cannot move. (Use ctrl+direction or * direction to attack while stationary and confused.) Unknown command.
Unknown command.
There are monsters nearby!
There are monsters nearby!
There are monsters nearby!
There are monsters nearby!
You feel less confused.
You feel very sick.
The orc warrior hits you from afar with a +0 halberd of freezing!
* * * LOW HITPOINT WARNING * * *
The orc warrior freezes you.
* * * LOW HITPOINT WARNING * * *
You hear some strange, mumbled words.
A puff of flame appears from out of thin air!
The puff of flame hits you but does no damage.
* * * LOW HITPOINT WARNING * * *
You feel sick.
The orc warrior hits you from afar with a +0 halberd of freezing!
You die...

.........##........##
#...##...##
##.####.####
#.).##.....
##.##.#..##
#.......##
##.....#####
#......#...#
#......♣..#
....####.{### ....#
#o## .... #..# ...#
#.... .... #.#...#
#.##### #.. ##.


You could see an orc warrior.

Vanquished Creatures
  A water moccasin (D:5)
  A black bear (D:6)
  An ogre (D:6)
  A sky beast (D:8)
  A centaur (D:8)
  2 phantoms
  3 bullfrogs
  3 scorpions
  2 wights (D:6)
  4 killer bees (D:5)
  3 howler monkeys
  2 jellies
  3 hounds
  2 sleepcaps
  An iguana (D:5)
  12 adders
  2 river rats (Sewer)
  An ufetubus (D:6)
  2 worms (D:2)
  3 dart slugs
  9 orcs
  16 ball pythons
  7 bats
  7 endoplasms
  2 giant cockroaches (D:1)
  8 hobgoblins
  2 jackals (D:1)
  5 quokkas
  8 frilled lizards
  12 goblins
  3 kobolds
  25 rats
154 creatures vanquished.

Notes
Turn   | Place    | Note
-------+----------+-------------------------------------------
     0 | D:1      | Alarion the Minotaur Fighter began the quest for the Orb.
     0 | D:1      | Reached XP level 1. HP: 19/19 MP: 0/0
     1 | D:1      | Found a runed translucent door.
   214 | D:1      | Reached XP level 2. HP: 19/27 MP: 1/1
   449 | D:1      | Found a faded altar of an unknown god.
   644 | D:2      | Reached XP level 3. HP: 33/33 MP: 2/2
   687 | D:2      | Reached skill level 3 in Axes
   727 | D:2      | Found Yshruaro's Antique Weapon Shoppe.
   754 | D:2      | Found Qall's Magic Scroll Emporium.
  1050 | D:2      | Reached XP level 4. HP: 40/40 MP: 3/3
  1826 | D:3      | Reached skill level 4 in Axes
  2091 | D:3      | Found Badatwic's Distillery.
  2309 | D:3      | Found a runed translucent door.
  2315 | D:3      | Noticed Rye's ghost (amateur HuFi)
  2769 | D:4      | Reached XP level 5. HP: 46/46 MP: 4/4
  2790 | D:4      | Got the Notes on Vitriolic Anathema
  2808 | D:4      | Noticed a phantom
  2814 | D:4      | Killed a phantom
  2815 | D:4      | Reached skill level 5 in Axes
  3277 | D:5      | Entered Level 5 of the Dungeon
  3313 | D:5      | Reached skill level 6 in Axes
  3313 | D:5      | Reached XP level 6. HP: 53/53 MP: 5/5
  3357 | D:5      | Reached skill level 1 in Dodging
  3371 | D:5      | Reached skill level 7 in Axes
  3585 | D:5      | Noticed a water moccasin
  3605 | D:5      | Reached skill level 5 in Armour
  3617 | D:5      | Reached XP level 7. HP: 54/60 MP: 6/6
  3752 | D:5      | Reached skill level 8 in Axes
  3922 | D:5      | Found a glowing drain.
  3929 | D:5      | Gained mutation: Your flesh is heat resistant. (rF+)
                  | [potion of mutation]
  3929 | D:5      | Gained mutation: You have sharp toenails. [potion of
                  | mutation]
  3929 | D:5      | Gained mutation: You are covered in fur. (AC +1) [potion of
                  | mutation]
  3942 | Sewer    | Entered a sewer
  3976 | Sewer    | Reached skill level 5 in Fighting
  4156 | Sewer    | Reached XP level 8. HP: 35/68 MP: 7/7
  5023 | D:6      | Reached skill level 9 in Axes
  5047 | D:6      | Reached skill level 5 in Shields
  5063 | D:6      | Found a glowing silver altar of Zin.
  5063 | D:6      | Found Zin's Purification Station.
  5075 | D:6      | Bought a potion of curing for 90 gold pieces
  5143 | D:6      | Found a shimmering altar of Xom.
  5143 | D:6      | Found a shimmering altar of Xom.
  5144 | D:6      | Found a shimmering altar of Xom.
  5144 | D:6      | Found a shimmering altar of Xom.
  5165 | D:6      | Found a shimmering altar of Xom.
  5302 | D:6      | Reached skill level 10 in Axes
  5367 | D:7      | HP: 2/69 [orc warrior/+0 glaive (12)]
  5373 | D:7      | Noticed Pikel
  5377 | D:8      | Found a flagged portal.
  5395 | D:8      | Found Koifij's Self-Improvement Boutique.
  5808 | D:8      | Slain by an orc warrior

Illustrated notes

Levels and vault maps discovered:
D:1:      dpeg_arrival_caged_fury, layout_basic, shapermc_ecumenical_altar_venn,
          minmay_pentomino_p2
D:2:      layout_loops_ring, serial_shops, nicolae_diamond_shop, shop,
          minmay_indecisive_spiral
D:3:      layout_basic, ebering_ghost_reflecting_pool, serial_shops,
          nicolae_shop_behind_doors
D:4:      layout_loops_cross
D:5:      layout_basic, portal_sewer_entry_d
D:6:      layout_basic, xom_redecorated, zin_purify
D:7:      layout_basic, minmay_temple_entry_glassed_door, uniq_pikel,
          uniq_crazy_yiuf_cottage
D:8:      minmay_skewed_foursquare, layout_cave_pools,
          gammafunk_temple_overflow_claw, nicolae_ossuary_entry_false_entrances,
          enter_bailey_3, nicolae_shop_self_help

Skill      XL: |  1  2  3  4  5  6  7  8 |
---------------+-------------------------+-----
Fighting       | 4 5 |  5.8
Shields        | 4 5 |  5.2
Armour         | 4 5 6 7 |  7.1
Axes           | 3 4 6 7 8 10 | 10.7
Dodging        | 1 2 |  2.2

Action                     |  1- 3 |  4- 6 |  7- 9 || total
---------------------------+-------+-------+-------++-------
  Melee: War axe           |    74 |    92 |   142 ||   308
         Headbutt          |    10 |     8 |    17 ||    35
         Kick              |       |       |    13 ||    13
    Use: Scroll            |       |     6 |     4 ||    10
         Potion            |       |     3 |     8 ||    11
 Armour: Scale mail        |    29 |       |       ||    29
         Storm dragon scal |     3 |    67 |   175 ||   245
         Skin              |       |       |     3 ||     3
  Dodge: Dodged            |    38 |    44 |    92 ||   174
  Block: Buckler           |    24 |    25 |    47 ||    96

Table legend: (Time is in decaauts)
 A = Elapsed time spent in this place.
 B = Non-inter-level travel time spent in this place.
 C = Inter-level travel time spent in this place.
 D = Time resting spent in this place.
 E = Time spent auto-exploring this place.
 F = Levels seen in this place.
 G = Mean time per level.
                   A        B        C        D        E       F      G
               +--------+--------+--------+--------+--------+-----+--------+
         Total |   5923 |   5923 |      0 |    890 |   3292 |   9 |  658.1 |
       Dungeon |   5474 |   5474 |      0 |    747 |   3200 |   8 |  684.2 |
         Sewer |    449 |    449 |      0 |    143 |     92 |   1 |  449.0 |
               +--------+--------+--------+--------+--------+-----+--------+

Top non-repeatable levels by time:
     D:5: 1221 daAuts
     D:3: 1008 daAuts
     D:2: 922 daAuts
     D:4: 744 daAuts
     D:1: 645 daAuts
     D:6: 469 daAuts
   Sewer: 449 daAuts
     D:8: 431 daAuts
     D:7: 29 daAuts
